cohdb
Replays
Latest Replays
All Replays
Popular Replays
Top Player Replays
Match Explorer
How It Works
Community
CoH3 Stats
Reddit
Sign in to upload your games and track your stats! →
Sign in with Steam
Match 45762162
Unlisted
Match 45762162
Overview
Messages
Build Orders
End
Selects Air and Sea Battlegroup
Construct Section Command Post
Vickers Machine Gun Team
Infantry Section
Infantry Section
ML 3-inch Mortar Team
Construct Platoon Command Post
Selects Commando Section Paradrop
Commando Section Paradrop
CMP 15cwt Truck
Selects M1 Pack Howitzer Paradrop
Selects Supply Surplus
Macho Man Randy Savage
JVM
Ratko
DjuXi
Da_Red_Wunz
bestia z wadowic
Tomson
CologneHC
0
0
Comments
sign in to comment!
No comments posted yet!